 Dungeon Crawl Stone Soup version 0.22-a0-605-g9281fa2 (webtiles) character file.

18 suicidejoker the Insei (level 2, 0/21 HPs)
             Began as an Octopode Monk on July 8, 2018.
             Slain by a hobgoblin (3 damage)
             ... on level 1 of the Dungeon.
             The game lasted 00:00:49 (445 turns).

suicidejoker the Insei (Octopode Monk)               Turns: 445, Time: 00:00:50

Health: 0/21       AC:  1    Str: 10    XL:     2   Next: 66%
Magic:  2/2        EV: 14    Int: 12    God:
Gold:   22         SH:  0    Dex: 14    Spells: 1/1 levels left

rFire    . . .     SeeInvis .     - Unarmed
rCold    . . .     Gourm    .   (no shield)
rNeg     . . .     Faith    .   (helmet restricted)
rPois    .         Spirit   .   (no amulet)
rElec    .         Reflect  .   (no ring)
rCorr    .         Harm     .   (no ring)
MR       .....                  (no ring)
Stlth    +++.......             (no ring)
HPRegen  0.07/turn              (no ring)
MPRegen  0.08/turn              (no ring)
                                (no ring)
                                (no ring)

@: no status effects
A: almost no armour, stealthy swim, amphibious, 8 rings, constrict 8, camouflage
1, gelatinous body 1
a: no special abilities


You were on level 1 of the Dungeon.
You were not hungry.

You visited 1 branch of the dungeon, and saw 1 of its levels.

You collected 22 gold pieces.

Inventory:

Hand Weapons
 c - a +1 vampiric dagger
Scrolls
 d - 2 scrolls of fog {unknown}
Potions
 b - a potion of flight {unknown}
Comestibles
 a - a ration


   Skills:
 + Level 3.2 Fighting
 + Level 3.2 Dodging
 - Level 2.6 Stealth
 * Level 3.5 Unarmed Combat


You had one spell level left.
You didn't know any spells.
Your spell library was empty.

Dungeon Overview and Level Annotations

Branches:
Dungeon (1/15)

Altars:


Innate Abilities, Weirdness & Mutations

You cannot wear most types of armour.
You are very stealthy in the water. (Stealth+)
You are amphibious.
You can wear up to eight rings at the same time.
You can use your tentacles to constrict eight enemies at once.
Your skin changes colour to match your surroundings (Stealth+).
Your rubbery body absorbs attacks. (AC +1, EV +1)


Message History

You tentacle-slap the leopard gecko.
You kill the leopard gecko!
The goblin closely misses you.
You tentacle-slap the goblin.
You kill the goblin!
You see here a goblin corpse.
The ooze misses you.
Things that are here:
a club; a short sword You barely miss the ooze.
The ooze hits you. The hobgoblin hits you.
* * * LOW HITPOINT WARNING * * *
You tentacle-slap the hobgoblin. You grab the hobgoblin.
The hobgoblin is moderately wounded.
You constrict the hobgoblin, but do no damage.
The ooze hits you.
* * * LOW HITPOINT WARNING * * *
The hobgoblin closely misses you.
You release your grip on the hobgoblin.
The hobgoblin closely misses you. The hobgoblin hits you.
You die...

..............
#.....†..### ##........##
#......).(.#
#..........##
#............
#####...........#
..######...............#
........@J............#..
....#####g...........>...
....# ####.$....##.......
#....#....##...#....####
#...%)...........#...
##..#.†#............##
#.............########
#..###..#..##... ... #..
#.........(# ###


You could see an ooze and a hobgoblin.

Vanquished Creatures
  3 leopard geckos (D:1)
  2 goblins (D:1)
  4 hobgoblins (D:1)
  3 kobolds (D:1)
  A frilled lizard (D:1)
  A rat (D:1)
14 creatures vanquished.

Notes
Turn   | Place    | Note
-------+----------+-------------------------------------------
     0 | D:1      | suicidejoker the Octopode Monk began the quest for the Orb.
     0 | D:1      | Reached XP level 1. HP: 16/16 MP: 1/1
   197 | D:1      | Reached XP level 2. HP: 21/21 MP: 2/2
   445 | D:1      | Slain by a hobgoblin

Vault maps used:
D:1:      evilmike_arrival_plus

Action                   || total
-------------------------++-------
Melee: Unarmed           ||    33
       Constrict         ||    10
       Tentacles         ||     1
 Stab: Sleeping          ||     1
Armor: Skin              ||     1
Dodge: Dodged            ||    18

Table legend:
 A = Spawn XP
 B = Non-spawn XP
 C = Spawn XP percentage of total XP
 D = Spawn monster count
 E = Non-spawn monster count
 F = Spawn count percentage of total count
 G = Total turns spent on level
                    A         B        C        D         E        F      G
               +---------+---------+-------+---------+---------+-------+---------
         Total |       0 |      26 |   0.0 |       0 |      14 |   0.0 |   445
               +---------+---------+-------+---------+---------+-------+---------
           D:1 |       0 |      26 |   0.0 |       0 |      14 |   0.0 |   445
               +---------+---------+-------+---------+---------+-------+---------
